 Dungeon Crawl Stone Soup version 0.23.2-1-ga50397a6bc (webtiles) character file.

Game seed: 13949583560518549011

62 NochnoyZador the Changer (level 3, -1/15 HPs)
             Began as a Felid Transmuter on May 12, 2019.
             Killed from afar by an orc wizard (14 damage)
             ... with a puff of frost
             ... on level 3 of the Dungeon.
             The game lasted 00:12:49 (4554 turns).

NochnoyZador the Changer (Felid Transmuter)         Turns: 4554, Time: 00:12:52

Health: -1/15      AC:  1    Str:  7    XL:     3   Next: 85%
Magic:  7/8        EV: 18    Int: 14    God:
Gold:   170        SH:  0    Dex: 16    Spells: 2/8 levels left
                                        Lives:  0   Deaths: 1

rFire    . . .     SeeInvis +     - Unarmed
rCold    . . .     Gourm    .   (shield unavailable)
rNeg     . . .     Faith    .   (armour unavailable)
rPois    .         Spirit   .   (helmet unavailable)
rElec    .         Reflect  .   (cloak unavailable)
rCorr    .         Harm     .   (gloves unavailable)
MR       .....                  (boots unavailable)
Stlth    +++.......             (no amulet)
HPRegen  0.05/turn              (no ring)
MPRegen  0.11/turn              r - ring of stealth

@: appendage, quick
A: very small, no armour, no weapons or thrown items, stealth, claws 1, fangs 3,
horns 2, see invisible, carnivore, speed 1, shaggy fur 1, slow metabolism 1,
sharp paws
a: End Transformation


You were on level 3 of the Dungeon.
You were not hungry.
You had grown temporary horns.
You visited 1 branch of the dungeon, and saw 4 of its levels.

You collected 170 gold pieces.

Inventory:

Missiles
 a - 23 arrows
Jewellery
 r - a ring of stealth (right paw)
Scrolls
 d - 2 scrolls of random uselessness {unknown}
 f - 2 scrolls of remove curse {unknown}
 g - a scroll of identify
 h - 3 scrolls of amnesia {unknown}
 i - 3 scrolls of teleportation {unknown}
 m - a scroll of magic mapping {unknown}
 n - a scroll of enchant armour {unknown}
 p - a scroll of enchant weapon {unknown}
Potions
 b - a potion of berserk rage
 e - 3 potions of heal wounds
 j - a potion of cancellation
 k - 2 potions of brilliance
 o - 2 potions of flight
 q - 2 potions of degeneration
Comestibles
 c - 6 rations


   Skills:
 - Level 1.0 Fighting
 - Level 2.6 Dodging
 - Level 3.0 Unarmed Combat
 - Level 3.0 Spellcasting
 + Level 4.9 Transmutations


You had 2 spell levels left.
You knew the following spells:

 Your Spells              Type           Power        Failure   Level  Hunger
a - Beastly Appendage     Tmut           ###...       2%          1    #......
b - Sticks to Snakes      Tmut           ###.....     4%          2    ##.....
c - Spider Form           Tmut/Pois      #.........   24%         3    ###....

Your spell library contained the following spells:

 Spells                   Type           Power        Failure   Level  Hunger
 Ice Form                 Ice/Tmut       #.......     61%         4    #####..
 Blade Hands              Tmut           ###.......   61%         5    ######.


Dungeon Overview and Level Annotations

Branches:
Dungeon (4/15)
 Temple: D:4-7

Altars:
Elyvilon
Kikubaaqudgha
Trog
Yredelemnul


Innate Abilities, Weirdness & Mutations

You cannot wear armour.
You are incapable of wielding weapons or throwing items.
Your paws allow you to move quietly. (Stealth)
You have sharp claws.
You have razor-sharp teeth.
You have supernaturally acute eyesight. (SInv)
You are carnivorous and can eat meat at any time.
You cover ground quickly.
You are covered in fur. (AC +1)
You have a slow metabolism.
Your sharp claws are effective at attacking unaware monsters.
You have a pair of horns on your head.


Message History

You rejoin the land of the living...
Done exploring.
You see here a +0 club.
The orc wizard shouts!
The orc wizard is too close now for your liking.
Casting: Beastly Appendage (safe; 2% risk of failure)
Confirm with . or Enter, or press ? or * to list all spells.
You grow a pair of large bovine horns.
The orc wizard hits you with a +0 dagger.
The orc wizard closely misses you.
You miss the orc wizard.
The orc wizard is heavily wounded.
The orc wizard hits you but does no damage.
You scratch the orc wizard but do no damage.
You headbutt the orc wizard.
The orc wizard is heavily wounded.
The orc wizard points at you and mumbles some strange words.
The puff of frost hits you!
Ouch! That really hurt!
You die...

# #...##.........# ##
#[..##....###### .#
#...##....#
.#############...##....##
.................=†oo>..###
.......####.#######o......#
.......# #.# #.......#
.......# #.#########o[...#
#..##### #.....@o.....)..#
##.## #.##....###.....#
#..# #.##....# #.....#
##.## #.####### #.....#
#..# #.# ###...#
####.######.# #####
..).........# ####.######.#
............#####


You could see an orc wizard and an orc.

Vanquished Creatures
  4 adders
  2 worms (D:3)
  4 dart slugs
  2 leopard geckos
  3 orcs
  A ball python (D:1)
  A giant cockroach (D:3)
  6 goblins
  11 hobgoblins
  2 jackals (D:2)
  12 bats
  6 frilled lizards
  7 kobolds
  9 rats
70 creatures vanquished.

Vanquished Creatures (collateral kills)
  A worm (D:3)
  A leopard gecko (D:3)
2 creatures vanquished.

Grand Total: 72 creatures vanquished

Notes
Turn   | Place    | Note
-------+----------+-------------------------------------------
     0 | D:1      | NochnoyZador the Felid Transmuter began the quest for the
                  | Orb.
     0 | D:1      | Reached XP level 1. HP: 9/9 MP: 4/4
   170 | D:1      | Reached XP level 2. HP: 6/12 MP: 6/6
   673 | D:1      | Learned a level 2 spell: Sticks to Snakes
   677 | D:1      | Reached skill level 3 in Transmutations
   833 | D:1      | Reached XP level 3. HP: 12/15 MP: 8/8
  2132 | D:2      | Reached XP level 4. HP: 19/19 MP: 9/9
  2263 | D:2      | Reached skill level 4 in Transmutations
  2813 | D:3      | Found a white marble altar of Elyvilon.
  2815 | D:3      | Found an ancient bone altar of Kikubaaqudgha.
  3160 | D:3      | Learned a level 3 spell: Spider Form
  3983 | D:3      | Found a basalt altar of Yredelemnul.
  3985 | D:3      | Found a bloodstained altar of Trog.
  4516 | D:3      | Killed from afar by an orc wizard
  4517 | D:3      | Reached XP level 3. HP: -8/15 MP: 8/8
  4554 | D:3      | Killed from afar by an orc wizard

Skill      XL: |  1  2  3  4 |
---------------+-------------+-----
Transmutations | 3 4 |  4.9
Spellcasting   | 3 |  3.0
Fighting       | |  1.0
Dodging        | |  2.6
Unarmed Combat | |  3.0

Action                   |  1- 3 |  4- 6 || total
-------------------------+-------+-------++-------
Melee: Unarmed           |   134 |    87 ||   221
       Bite              |     6 |     6 ||    12
       Headbutt          |     1 |     9 ||    10
 Cast: Sticks to Snakes  |     3 |     2 ||     5
       Beastly Appendage |     1 |     9 ||    10
  Use: Scroll            |       |     6 ||     6
       Potion            |       |     1 ||     1
 Stab: Sleeping          |     7 |     4 ||    11
  Eat: Chunk             |    10 |     4 ||    14
Armor: Skin              |     8 |     1 ||     9
Dodge: Dodged            |   120 |    69 ||   189
